AoeStats
← kV0t3

Enclosed

506542882Analyzed
1v1 RM · 19d ago on Sep 14, 2026· 41m 20s· 2 players
Game mode
Random Map
Map size
Tiny (2 player)
Population
200
Speed
Normal
Resources
Standard
Victory
Conquest
Starting age
Dark Age
Ending age
Imperial Age
RankedLock teamsTeams togetherTeam positionsShared explorationLock speedFull tech treeHidden civsTurbo modeCheats
Victory
Defeat
🇨🇦 Inca · Canada
1194
+17
🇦🇷 Spanish · Argentina
1214
-17
georgethek
9:50 Feudal Age
10:20 Double-Bit Axe
10:18 Horse Collar
11:04 Champi Runner
14:24 Loom
18:14 Wheelbarrow
19:48 Castle Age
21:01 Bow Saw
21:10 Forging
21:05 Scale Mail Armor
21:32 Forging
20:46 Champi Warrior
21:33 Squires
22:39 Elite Skirmisher
23:22 Padded Archer Armor
23:29 Fletching
25:37 Wheelbarrow
26:35 Ballistics
32:24 Hand Cart
34:12 Heavy Plow
34:04 Gold Mining
34:42 Bodkin Arrow
35:05 Leather Archer Armor
38:49 Imperial Age
36:47 Chain Mail Armor
36:26 Town Watch
37:40 Gold Shaft Mining
38:55 Iron Casting
40:11 Elite Kamayuk
kV0t3
0:26 Loom
10:22 Feudal Age
15:49 Castle Age
17:10 Double-Bit Axe
20:45 Wheelbarrow
23:48 Fletching
25:56 Bow Saw
34:46 Imperial Age
34:03 Husbandry
33:24 Light Cavalry
34:12 Scale Barding Armor
34:17 Forging
34:22 Horse Collar
34:33 Gold Mining
34:34 Stone Mining
36:13 Chain Barding Armor
36:56 Two-Man Saw
36:01 Heavy Plow
40:46 Bodkin Arrow
Connection lost

Rejoining the realm…

Still unreachable

The connection could not be restored.

Session expired

The server has moved on; the page needs a fresh start.